 Dungeon Crawl Stone Soup version 0.23.2-1-ga50397a (webtiles) character file.

Game seed: 14912758064636345886

111 MalarOregon the Digger (level 4, -1/49 HPs)
             Began as a Barachi Earth Elementalist on May 12, 2019.
             Slain by Edmund
             ... wielding a +0 flail of crushing
              (9 damage)
             ... on level 3 of the Dungeon.
             The game lasted 00:08:18 (2477 turns).

MalarOregon the Digger (Barachi Earth Elementalist) Turns: 2477, Time: 00:08:19

Health: -1/49      AC:  4    Str: 15    XL:     4   Next: 92%
Magic:  8/8        EV: 13    Int: 16    God:
Gold:   230        SH:  0    Dex: 12    Spells: 4/8 levels left

rFire    . . .     SeeInvis .   r - +0 dagger
rCold    + . .     Gourm    .   (no shield)
rNeg     + + .     Faith    .   c - +0 robe
rPois    .         Spirit   .   v - +0 helmet
rElec    .         Reflect  .   t - +0 cloak
rCorr    .         Harm     .   (no gloves)
MR       .....                  (no boots)
Stlth    ..........             (no amulet)
HPRegen  0.00/turn              l - ring of positive energy
MPRegen  0.11/turn              o - ring of positive energy

@: berserking (expiring), can't hop, flying, quick
A: +LOS, swims, blurry vision 1, cold resistance 1, slowness 1, inhibited
regeneration, strong legs 1
a: Hop


You were on level 3 of the Dungeon.
You were not hungry.

You visited 1 branch of the dungeon, and saw 4 of its levels.

You collected 230 gold pieces.

Inventory:

Hand Weapons
 r - a +0 dagger (weapon)
   (You took it off a goblin on level 2 of the Dungeon)
Missiles
 s - a javelin (quivered)
Armour
 c - a +0 robe (worn)
 d - a +0 ring mail
   (You found it on level 1 of the Dungeon)
 k - a cursed +0 chain mail
   (You found it on level 1 of the Dungeon)
 t - a +0 cloak (worn)
   (You found it on level 3 of the Dungeon)
 v - a +0 helmet (worn)
   (You found it on level 3 of the Dungeon)
Jewellery
 l - a ring of positive energy (left hand)
   (You found it on level 1 of the Dungeon)
 o - a ring of positive energy (right hand)
   (You found it on level 3 of the Dungeon)
Scrolls
 b - a scroll of blinking {unknown}
 h - a scroll of magic mapping {unknown}
 i - 6 scrolls of identify {unknown}
 m - 2 scrolls of amnesia {unknown}
 p - a scroll of immolation {unknown}
 q - 2 scrolls of remove curse {unknown}
Potions
 g - a potion of magic
Comestibles
 e - 10 rations {!d}
 u - 3 chunks of flesh


   Skills:
 + Level 2.0 Fighting
 + Level 2.1 Armour
 + Level 3.1 Dodging
 - Level 1.7 Stealth
 + Level 2.9 Spellcasting
   Level 1.1 Transmutations
 + Level 3.5 Earth Magic


You had 4 spell levels left.
You knew the following spells:

 Your Spells              Type           Power        Failure   Level  Hunger
a - Sandblast             Erth           ##....       4%          1    #......
x - Stone Arrow           Conj/Erth      #.....       26%         3    ###....

Your spell library contained the following spells:

 Spells                   Type           Power        Failure   Level  Hunger
 Passwall                 Tmut/Erth      #.......     11%         2    ##.....
 Petrify                  Tmut/Erth      #.......     58%         4    #####..
 Lee's Rapid Deconstruct  Erth           ##........   77%         5    ######.


Dungeon Overview and Level Annotations

Branches:
Dungeon (4/15)
 Temple: D:4-7

Altars:
Cheibriados
Hepliaklqana
Nemelex Xobeh
Qazlal
Vehumet
Zin

Annotations:
D:3 Edmund


Innate Abilities, Weirdness & Mutations

Shadows flee at your approach. (+LOS)
You can swim through water.
You cover ground slowly.
You can hop short distances.
Scrolls take you a little longer to read.
Your flesh is cold resistant. (rC+)
You do not regenerate when monsters are visible.


Message History

Okay, then.
It was a potion of magic.
Magic courses through your body. Edmund barely misses you.
It was a potion of heal wounds.
You feel much better.
Edmund hits you with a +0 flail of crushing!
* * * LOW HITPOINT WARNING * * *
* * * LOW HITPOINT WARNING * * *
There is an escape hatch in the ceiling here.
It was a potion of flight.
You feel very buoyant.
You fly up into the air.
It was a potion of mutation.
You feel extremely strange.
Your regeneration stops near monsters.
Your vision blurs.
You feel resistant to cold. Edmund barely misses you.
It was a potion of berserk rage.
A red film seems to cover your vision as you go berserk!
You feel yourself moving faster!
You feel mighty! Edmund closely misses you.
Wield which item (- for none, * to show all)? (? for menu, Esc to quit)
Okay, then.
You barely miss Edmund. Edmund barely misses you.
You barely miss Edmund. You hit Edmund.
Edmund hits you with a +0 flail of crushing.
* * * LOW HITPOINT WARNING * * *
* * * LOW HITPOINT WARNING * * *
You barely miss Edmund. You hit Edmund. Edmund barely misses you.
You hit Edmund but do no damage. You hit Edmund.
Edmund hits you with a +0 flail of crushing.
* * * LOW HITPOINT WARNING * * *
* * * LOW HITPOINT WARNING * * *
You hit Edmund. You hit Edmund.
Edmund says, "People think my brother is the best.
I think he's crazy."
Edmund hits you with a +0 flail of crushing.
* * * LOW HITPOINT WARNING * * *
* * * LOW HITPOINT WARNING * * *
You barely miss Edmund. Edmund barely misses you.
You puncture Edmund!
Unknown command.
You closely miss Edmund.
Edmund hits you with a +0 flail of crushing.
* * * LOW HITPOINT WARNING * * *
* * * LOW HITPOINT WARNING * * *
You barely miss Edmund. You puncture Edmund!
Edmund hits you with a +0 flail of crushing!
You die...

#.# #.......######. #.#
#.##....## #. ####### #.#
#.##.....## #. #.....# #.#
#.........####.
#.....######.######..............
#...................#............
#.....##.#####.####.##.....#.###.
#.....##.# #.####.###...[..# #.
###.##...# #..@@..# #...#### #.
#.##.#.# #.###### #.#.######.
#.##.#.#####.# #.#........
#.##.#......># #.#########
###.##.####.###########.##
.................[.......#
.##.##.####.###.#.#.###..#
.##.##.####.###.._..# #..###
.##......#...####.### #....#


You could see Edmund.

Vanquished Creatures
  5 adders
  3 worms
  2 dart slugs
  An orc (D:4)
  2 giant cockroaches
  5 goblins
  9 hobgoblins
  9 jackals
  A quokka (D:2)
  5 bats
  2 frilled lizards
  2 kobolds (D:2)
  4 rats
50 creatures vanquished.

Notes
Turn   | Place    | Note
-------+----------+-------------------------------------------
     0 | D:1      | MalarOregon the Barachi Earth Elementalist began the quest
                  | for the Orb.
     0 | D:1      | Reached XP level 1. HP: 13/13 MP: 3/3
   408 | D:1      | Reached XP level 2. HP: 20/20 MP: 5/5
   649 | D:2      | Reached skill level 1 in Fighting
   649 | D:2      | Reached skill level 1 in Armour
   718 | D:2      | Reached XP level 3. HP: 26/26 MP: 1/6
  1005 | D:2      | Reached XP level 4. HP: 15/32 MP: 0/8
  1219 | D:2      | Found a snail-covered altar of Cheibriados.
  1219 | D:2      | Found a sparkling altar of Nemelex Xobeh.
  1224 | D:2      | Found a glowing silver altar of Zin.
  1226 | D:2      | Found a radiant altar of Vehumet.
  1228 | D:2      | Found a stormy altar of Qazlal.
  1816 | D:3      | Learned a level 3 spell: Stone Arrow
  1838 | D:3      | Found a hazy altar of Hepliaklqana.
  2423 | D:4      | Noticed Edmund
  2462 | D:3      | Gained mutation: You do not regenerate when monsters are
                  | visible. [potion of mutation]
  2462 | D:3      | Gained mutation: Scrolls take you a little longer to read.
                  | [potion of mutation]
  2462 | D:3      | Gained mutation: Your flesh is cold resistant. (rC+)
                  | [potion of mutation]
  2477 | D:3      | Slain by Edmund

Skill      XL: |  1  2  3  4 |
---------------+-------------+-----
Fighting       | 1 2 |  2.0
Armour         | 1 2 |  2.1
Dodging        | 3 |  3.1
Stealth        | |  1.7
Spellcasting   | |  2.9
Transmutations | |  1.1
Earth Magic    | |  3.5

Action                   |  1- 3 |  4- 6 || total
-------------------------+-------+-------++-------
Melee: Unarmed           |    13 |       ||    13
       Dagger            |     1 |    84 ||    85
Throw: Javelin           |     7 |       ||     7
 Cast: Sandblast         |    39 |    40 ||    79
       Stone Arrow       |       |     5 ||     5
 Abil: Hop               |       |     1 ||     1
  Use: Potion            |       |     5 ||     5
 Stab: Sleeping          |       |     1 ||     1
  Eat: Chunk             |     1 |     6 ||     7
Armor: Robe              |     4 |    16 ||    20
Dodge: Dodged            |    17 |    65 ||    82
